 Dungeon Crawl Stone Soup version 0.21.1-1-g345015fe64 (webtiles) character file.

1068 GotenAND the Spear-Bearer (level 8, -2/60 HPs)
             Began as a Merfolk Gladiator on July 4, 2018.
             Was an Initiate of Okawaru.
             Slain by a sky beast (6 damage)
             ... on level 6 of the Dungeon.
             The game lasted 00:11:38 (5096 turns).

GotenAND the Spear-Bearer (Merfolk Gladiator)       Turns: 5096, Time: 00:11:39

Health: -2/60      AC:  4    Str: 14    XL:     8   Next: 28%
Magic:  8/8        EV: 16    Int:  7    God:    Okawaru [......]
Gold:   348        SH:  0    Dex: 18    Spells: 7/7 levels left

rFire    . . .     SeeInvis .   a - +0 trident
rCold    . . .     Gourm    .   (no shield)
rNeg     . . .     Faith    .   b - +0 leather armour
rPois    .         Spirit   .   c - +0 helmet
rElec    .         Reflect  .   (no cloak)
rCorr    .         Harm     .   (no gloves)
MR       .....                  (no boots)
Stlth    ..........             (no amulet)
HPRegen  0.20/turn              p - ring of loudness (curse)
MPRegen  0.11/turn              (no ring)

@: no status effects
A: change form in water, swift swim, stealthy swim
a: Renounce Religion


You were on level 6 of the Dungeon.
You worshipped Okawaru.
Okawaru was noncommittal.
You were not hungry.

You visited 2 branches of the dungeon, and saw 7 of its levels.

You collected 348 gold pieces.

Inventory:

Hand Weapons
 a - a +0 trident (weapon)
Missiles
 d - 3 throwing nets (quivered)
Armour
 b - a +0 leather armour (worn)
 c - a +0 helmet (worn)
Jewellery
 p - a cursed ring of loudness (left hand)
Wands
 h - a wand of scattershot (7)
 t - a wand of random effects (20)
Scrolls
 e - 3 scrolls of remove curse {unknown}
 j - a scroll of teleportation
 m - a scroll of enchant armour {unknown}
 n - a scroll of random uselessness {unknown}
 q - 9 scrolls of identify
 r - 2 scrolls of enchant weapon {unknown}
 v - a scroll of amnesia
Potions
 g - a potion of agility
 i - 2 potions of heal wounds {unknown}
 k - 2 potions of degeneration
 l - 3 potions of lignification {unknown}
 o - a potion of brilliance {unknown}
 s - a potion of haste {unknown}
 w - a potion of mutation {unknown}
 x - a potion of might {unknown}
Comestibles
 f - 10 rations
 u - a chunk of flesh


   Skills:
 + Level 4.2 Fighting
 * Level 11.2 Polearms
 - Level 2.0 Throwing
 + Level 2.0 Armour
 * Level 6.3 Dodging


You had 7 spell levels left.
You didn't know any spells.

Dungeon Overview and Level Annotations

Branches:
Dungeon (6/15)             Temple (1/1) D:5

Altars:
Elyvilon
Hepliaklqana
Kikubaaqudgha
Nemelex Xobeh
Okawaru
Ru
Sif Muna
Wu Jian
Zin

Annotations:
D:5 Prince Ribbit


Message History

You closely miss something. Something hits you. Something shocks you.
* * * LOW HITPOINT WARNING * * *
You miss something. Something closely misses you.
You barely miss something. Something hits you but does no damage.
You hit something but do no damage. You miss something.
Something hits you but does no damage.
You hit something. Something hits you but does no damage.
You miss something. Something hits you.
* * * LOW HITPOINT WARNING * * *
Something shocks you.
* * * LOW HITPOINT WARNING * * *
You closely miss something. You hit something but do no damage.
Something hits you.
* * * LOW HITPOINT WARNING * * *
Something shocks you.
* * * LOW HITPOINT WARNING * * *
You miss something. Something hits you.
* * * LOW HITPOINT WARNING * * *
Something shocks you.
You die...

#.#
#.#.#
#.#.#
#.#.#
#.#.#
#.#.#
#.#Z#
#.#{#
#.#@#
#.#.###
#.....#
#######


You could see a bullfrog skeleton.

Vanquished Creatures
  Menkaure (D:5)
  A sky beast (D:5)
  3 ogres
  A water moccasin skeleton (D:4)
  2 howler monkeys
  A crimson imp (D:5)
  4 hounds
  An orc priest (D:3)
  2 bullfrog skeletons
  Ijyb (D:3)
  A hound skeleton (D:5)
  A howler monkey skeleton (D:4)
  8 adders
  2 shadow imps (D:5)
  3 oozes
  7 worms
  2 dart slugs (D:2)
  8 leopard geckos
  5 orcs
  8 bats
  2 giant cockroaches
  3 goblins
  7 hobgoblins
  3 jackals (D:1)
  2 kobolds (D:1)
  2 quokkas
  6 frilled lizards
  9 rats
96 creatures vanquished.

Vanquished Creatures (others)
  An orc (D:5)
1 creature vanquished.

Grand Total: 97 creatures vanquished

Notes
Turn   | Place    | Note
-------+----------+-------------------------------------------
     0 | D:1      | GotenAND the Merfolk Gladiator began the quest for the Orb.
     0 | D:1      | Reached XP level 1. HP: 16/16 MP: 1/1
   282 | D:1      | Reached XP level 2. HP: 21/22 MP: 2/2
   479 | D:1      | Reached skill level 5 in Polearms
  1096 | D:2      | Reached XP level 3. HP: 23/28 MP: 3/3
  1515 | D:2      | Reached skill level 6 in Polearms
  1515 | D:2      | Reached XP level 4. HP: 31/34 MP: 4/4
  1600 | D:2      | Found a white marble altar of Elyvilon.
  2413 | D:3      | Reached XP level 5. HP: 38/39 MP: 5/5
  2491 | D:3      | Noticed Ijyb
  2508 | D:3      | Killed Ijyb
  2508 | D:3      | Reached skill level 1 in Armour
  2508 | D:3      | Reached skill level 5 in Dodging
  2559 | D:3      | Reached skill level 7 in Polearms
  2895 | D:3      | Found a glowing silver altar of Zin.
  3138 | D:4      | Reached XP level 6. HP: 43/47 MP: 6/6
  3168 | D:4      | Reached skill level 8 in Polearms
  3181 | D:4      | Found an ancient bone altar of Kikubaaqudgha.
  3523 | D:4      | Reached skill level 9 in Polearms
  3523 | D:4      | Reached XP level 7. HP: 35/52 MP: 7/7
  3891 | D:5      | Entered Level 5 of the Dungeon
  3905 | D:5      | Found a sacrificial altar of Ru.
  4285 | D:5      | Reached skill level 10 in Polearms
  4425 | D:5      | Noticed Prince Ribbit
  4483 | D:5      | Reached XP level 8. HP: 41/60 MP: 8/8
  4497 | D:5      | Found a sparkling altar of Nemelex Xobeh.
  4616 | D:5      | Noticed Menkaure
  4623 | D:5      | Killed Menkaure
  4623 | D:5      | Reached skill level 11 in Polearms
  4850 | D:5      | Found a staircase to the Ecumenical Temple.
  4859 | Temple   | Entered the Ecumenical Temple
  4876 | Temple   | Became a worshipper of Warmaster Okawaru
  5096 | D:6      | Slain by a sky beast

Skill      XL: |  1  2  3  4  5  6  7  8 |
---------------+-------------------------+-----
Polearms       | 5 6 7 9 10 11 | 11.2
Armour         | 1 2 |  2.0
Dodging        | 5 6 |  6.3
Fighting       | 3 4 |  4.2
Throwing       | |  2.0

Action                   |  1- 3 |  4- 6 |  7- 9 || total
-------------------------+-------+-------+-------++-------
Melee: Trident           |   111 |   193 |   186 ||   490
       Tailslap          |     1 |       |       ||     1
  Use: Scroll            |       |     5 |       ||     5
 Stab: Sleeping          |     1 |       |       ||     1
  Eat: Chunk             |     2 |     4 |     1 ||     7
       Ration            |       |     1 |     1 ||     2
Armor: Leather armour    |    23 |    30 |    25 ||    78
Dodge: Dodged            |    64 |    86 |    73 ||   223
